[Event "4th Tata Steel India Rapid Women 2022"]
[Site "Kolkota"]
[Date "2022.11.30"]
[Round "4.4"]
[White "Muzychuk, Mariya"]
[Black "Savitha Shri B"]
[Result "1/2-1/2"]
[ECO "B48"]
[WhiteElo "2528"]
[BlackElo "2411"]
[Annotator "TA"]
[PlyCount "131"]
[EventDate "2022.11.29"]
[EventType "tourn"]
[EventCountry "IND"]
[SourceTitle "playchess.com"]
[Source "ChessBase"]
[SourceQuality "1"]
[TimeControl "900+10"]

1. e4 c5 2. Nf3 e6 3. d4 cxd4 4. Nxd4 Nc6 5. Nc3 Qc7 6. Be3 a6 7. Qf3 {[%emt 0:00:32] B48: Sicilian: Taimanov: 5 Nc3 Qc7 6 Be3 a6 without Be2.} b5 8. Nxc6 Qxc6 9. Bd3 {[%emt 0:00:41] White has an edge.} b4 10. Ne2 Bb7 11. Nd4 Qc7 {[%emt 0:00:01] [#]} 12. O-O $146 ({Predecessor:} 12. Qg3 Qxg3 13. hxg3 Nf6 14. f3 Bc5 15. g4 d6 16. g5 Nd7 17. Kd2 Ke7 18. Rh4 {½-½ (57) Ibadov,D (2285)-Frolyanov,D (2536) Kazan 2021}) 12... Nf6 13. Rfe1 Be7 (13... Bd6 $5 ) 14. Bf4 d6 15. Bg3 Qb6 16. Nb3 a5 17. Qe3 (17. a4 $11) 17... Qxe3 $17 18. Rxe3 O-O 19. Rd1 d5 20. e5 Nd7 (20... Ne4 $17 21. Nd4 a4) 21. Bb5 Nb6 22. Nd4 Rac8 23. Re2 Bc5 (23... Nc4 $5 24. Rb1 Bc5 $15) 24. Nb3 a4 (24... Rc7 $5) 25. Nxc5 Rxc5 26. Bd3 Nc4 27. Rb1 d4 (27... Ba6 $11) 28. f4 $14 Rd8 29. Be1 Ne3 30. Bxb4 Rcc8 31. Bd6 {[%emt 0:00:50] A strong pair of Bishops.} (31. b3 $16) 31... Nc4 32. Bxc4 Rxc4 33. b3 axb3 34. axb3 (34. Rxb3 Bd5 $11) 34... Rc3 35. Bb4 Rc6 36. Rd1 Rd5 $1 37. Red2 h6 38. Bd6 Kh7 39. b4 ({But not} 39. Rxd4 Rxc2 40. g3 Rg2+ $1 41. Kf1 Rxh2 $17) 39... Rc4 40. Bc5 Kg6 41. g4 h5 42. h3 hxg4 43. hxg4 d3 44. cxd3 (44. Rxd3 $11 {remains equal.} Rxc2 45. Rxd5 (45. f5+ Kg5 $11) 45... Bxd5 46. Bf2 (46. f5+ Kg5 $11)) 44... Rxf4 $17 45. d4 ({White should try} 45. Rg2 $15) 45... Rxg4+ 46. Kf2 {[%emt 0:00:01] [#]} Rd8 ({Black should play} 46... f5 $1 $17 {Strongly threatening ...Rd8.} 47. Rg1 Rxg1 48. Kxg1 Rd8) 47. Rg1 $1 $11 {[%emt 0:00:27] The position is equal.} Rxg1 48. Kxg1 {[%emt 0:00:01][%mdl 4096] Endgame KRB-KRB} f6 49. exf6 gxf6 50. Re2 Bd5 51. b5 Rh8 52. Rh2 Ra8 53. b6 Ra1+ 54. Kf2 Kf5 55. Rh7 Rb1 56. Rh6 e5 57. dxe5 fxe5 58. Rh5+ Ke4 59. Rh4+ Kd3 60. Rb4 Rc1 61. Bd6 e4 {[%emt 0:00:16] ( -> ...e3+)} 62. Bf4 {[%emt 0:00:09] Inhibits e3+.} Rc2+ 63. Kg3 e3 64. Bxe3 Kxe3 65. b7 Bxb7 66. Rxb7 {[%emt 0:00:02] Weighted Error Value: White=0.14 (very precise) /Black=0.13 (very precise)} 1/2-1/2

[Event "4th Tata Steel India Rapid Women 2022"]
[Site "Kolkota"]
[Date "2022.11.30"]
[Round "4.5"]
[White "Koneru, Humpy"]
[Black "Harika, Dronavalli"]
[Result "1/2-1/2"]
[ECO "A42"]
[WhiteElo "2574"]
[BlackElo "2507"]
[Annotator "TA"]
[PlyCount "71"]
[EventDate "2022.11.29"]
[EventType "tourn"]
[EventCountry "IND"]
[SourceTitle "playchess.com"]
[Source "ChessBase"]
[SourceQuality "1"]
[TimeControl "900+10"]

1. d4 g6 2. c4 Bg7 3. Nc3 d6 4. e4 e5 5. Be3 exd4 6. Bxd4 Nf6 7. f3 O-O 8. Qd2 {[%emt 0:00:10] A42: Modern Defence: Averbakh Variation.} Nc6 {[%emt 0:01:30] [#] Threatens to win with ...Nxd4.} 9. Be3 ({Much weaker is} 9. Nge2 Nxd4 10. Nxd4 Nd7 $15) 9... Be6 10. Nd5 ({White should try} 10. b3 $11) 10... Ne5 $15 11. Rc1 c6 12. Nf4 Qe7 ({Black should play} 12... Re8 $17 {Hoping for ...d5.} 13. Nxe6 fxe6) 13. Be2 $1 $11 {[%emt 0:00:53] Prevents d5.} Rfd8 {[%emt 0:01:45] [#] White must now prevent ...d5.} (13... Rfe8 $5) 14. Nxe6 $146 ({Predecessor:} 14. Qb4 a5 15. Qa3 Qe8 16. Nxe6 Qxe6 17. Nh3 d5 18. cxd5 cxd5 19. Nf2 dxe4 20. fxe4 {0-1 (32) Rumjantsev,J (1990)-Kukk,S (2105) Tallinn 2010}) 14... Qxe6 15. Nh3 d5 (15... Qe7 $5 16. Nf4 d5 17. exd5 (17. cxd5 g5 $15) 17... Re8 $11) 16. cxd5 cxd5 17. Nf4 Qd7 18. Nxd5 Nxd5 19. exd5 Qxd5 20. Qxd5 Rxd5 21. Kf2 Nd3+ 22. Bxd3 Rxd3 23. Rhd1 Rxd1 24. Rxd1 Bxb2 {[%emt 0:01:14][%mdl 4096] Endgame KRB-KRB} 25. Rb1 Bf6 26. Rxb7 a6 27. Rb6 Bd8 28. Rc6 Be7 29. Bh6 a5 {[%emt 0:00:07] The position is equal.} 30. a4 Rd8 31. Ra6 Bb4 32. g4 Re8 33. h4 Be1+ 34. Kf1 Bc3 35. Rc6 Bb4 36. Ra6 {[%emt 0:00:11] Weighted Error Value: White=0.07 (flawless) /Black=0.10 (very precise)} 1/2-1/2

[Event "4th Tata Steel India Rapid Women 2022"]
[Site "Kolkota"]
[Date "2022.11.30"]
[Round "5.1"]
[White "Vaishali, Rameshbabu"]
[Black "Muzychuk, Mariya"]
[Result "1/2-1/2"]
[ECO "C50"]
[WhiteElo "2454"]
[BlackElo "2528"]
[Annotator "TA"]
[PlyCount "79"]
[EventDate "2022.11.29"]
[EventType "tourn"]
[EventCountry "IND"]
[SourceTitle "playchess.com"]
[Source "ChessBase"]
[SourceQuality "1"]
[TimeControl "900+10"]

1. e4 e5 2. Nf3 Nc6 3. Bc4 Bc5 4. d3 Nf6 5. Bg5 h6 6. Bh4 Be7 {[%emt 0:00:35] C50: Hungarian Defence and Giuoco Pianissimo.} 7. Bg3 d6 8. c3 O-O (8... Na5 $5 ) 9. Nbd2 Be6 {[%emt 0:01:13] [#]} (9... Na5 $11) 10. Bxe6 $146 ({Predecessor:} 10. O-O a5 11. Bb5 Nh5 12. d4 Nxg3 13. hxg3 Na7 14. Bc4 Bg4 15. Be2 Nc6 16. dxe5 dxe5 {1-0 (47) Nisipeanu,L (2687)-Bosiocic,M (2607) Austria 2017}) 10... fxe6 11. b4 Qd7 12. O-O Kh7 13. a4 g6 14. d4 exd4 15. b5 Na5 16. cxd4 (16. e5 $5 Ne8 17. exd6 (17. cxd4 d5 $11) (17. Nxd4 Ng7 $11) 17... cxd6 18. cxd4 $14 (18. Nxd4 Ng7 $11)) 16... Nh5 17. d5 exd5 18. exd5 a6 19. Rb1 (19. bxa6 $16 bxa6 20. Re1) 19... axb5 $11 20. axb5 Nf6 (20... Rf5 $1 $11) 21. Nb3 (21. Re1 $16) 21... Qxb5 22. Re1 Rf7 (22... Rfe8 {is more complex.} 23. Nh4 Nxd5 24. Nxg6 Bf6) 23. Nxa5 Qxa5 24. Rxb7 Nxd5 25. h4 {[%emt 0:00:08][%cal Oh4h5] h5! is the strong threat.} Nf6 {[%emt 0:00:22] Against h5} 26. Qb3 (26. Qc2 $11 {remains equal.}) 26... Qd5 $1 $17 27. Qb1 {[%emt 0:00:13] [#]} Bf8 $1 28. Rd1 {[%emt 0:00:11] [#]} Qe4 (28... Ra1 $1 $17 29. Qxa1 Qxb7) 29. Qb3 Kg7 (29... Re7 $5 ) 30. Nd4 {[%emt 0:00:17] Threatens to win with Ne6+.} Re8 {[%emt 0:00:16] Inhibits Ne6+.} 31. f3 Qd5 32. Qxd5 {[%emt 0:00:10] The position is equal.} (32. Qb1 {feels hotter.} c5 33. Rxf7+ Qxf7 34. Nb5) 32... Nxd5 33. Nb5 Ne3 34. Rc1 Nf5 35. Rcxc7 Rxc7 36. Rxc7+ Re7 {[%emt 0:00:01] aiming for ...Rxc7.} 37. Rxe7+ Bxe7 38. Bf2 Bxh4 39. Bxh4 Nxh4 40. Nxd6 {[%emt 0:00:01] Weighted Error Value: White=0.15 (very precise) /Black=0.16 (very precise)} 1/2-1/2

[Event "4th Tata Steel India Rapid Women 2022"]
[Site "Kolkota"]
[Date "2022.11.30"]
[Round "5.2"]
[White "Kiolbasa, Oliwia"]
[Black "Muzychuk, Anna"]
[Result "1/2-1/2"]
[ECO "C84"]
[WhiteElo "2406"]
[BlackElo "2525"]
[Annotator "TA"]
[PlyCount "118"]
[EventDate "2022.11.29"]
[EventType "tourn"]
[EventCountry "IND"]
[SourceTitle "playchess.com"]
[Source "ChessBase"]
[SourceQuality "1"]
[TimeControl "900+10"]

1. e4 e5 2. Nf3 Nc6 3. Bb5 a6 4. Ba4 Nf6 5. O-O Be7 6. d3 b5 7. Bb3 d6 8. a4 Bd7 {[%emt 0:00:05] 8...Bd7 scores better than 8...b4.} 9. c3 {[%emt 0:00:54] C84: Closed Ruy Lopez: Unusual White 6th moves.} O-O 10. Bc2 Re8 11. Re1 h6 12. h3 Bf8 13. Nbd2 Rb8 14. Nf1 b4 15. a5 {[%emt 0:01:57] [#]} bxc3 $146 ({Predecessor:} 15... d5 16. exd5 Nxd5 17. Bb3 Nf6 18. Bc4 bxc3 19. bxc3 Qc8 20. Ng3 Be6 21. Nxe5 Nxe5 22. Rxe5 Bxc4 23. Rxe8 Qxe8 24. dxc4 {½-½ (43) Jones,G (2657)-Cheparinov,I (2659) Toledo 2021}) 16. bxc3 g6 (16... Rb5 $11) 17. Ne3 Bg7 18. Bb3 Qc8 19. Bd2 Nd8 20. Nd5 Nxd5 21. Bxd5 c6 22. Bc4 Be6 23. Qa4 Bxc4 24. Qxc4 Rb5 25. Reb1 Nb7 26. Rxb5 cxb5 27. Qd5 Qc7 (27... Re7 $11) 28. Ne1 $16 Nxa5 (28... Nc5 $14 {deserves consideration.}) 29. Nc2 Rc8 30. Nb4 {[%emt 0:00:09] White is more active.} Qb6 (30... Bf8 $16 {keeps fighting.} 31. Qa2 (31. Nxa6 Qb6 $16) 31... Nc6) 31. Qa2 Nc6 32. Nd5 $36 {[%emt 0:00:15][%mdl 2048] White is really pushing.} (32. Nxa6 $2 {perishes.} Ra8 33. Kh2 Nb8 $19) ({But not} 32. Qxa6 $6 Qxa6 33. Rxa6 Nxb4 34. cxb4 Rc2 $14) 32... Qb7 33. Qxa6 Qxa6 34. Rxa6 Kh7 35. Rb6 Nd8 (35... Bf8 $142 36. Rxb5 Rb8) 36. Rxb5 Ne6 37. Rb7 Nc5 38. Rxf7 Nxd3 39. Nf6+ Kh8 {[%emt 0:00:01] [#]} 40. Bxh6 $1 Bxf6 41. Rxf6 $18 {[%emt 0:00:01][%mdl 4096] Endgame KRB-KRN} Kh7 42. Be3 ({Don't do} 42. Rxd6 Nxf2 43. Kxf2 Kxh6 $18) 42... Rc6 43. Rf7+ Kg8 44. Rd7 Nb2 45. h4 Na4 46. g4 Nxc3 47. h5 $2 (47. Bh6 $18) 47... gxh5 $1 $11 {[%emt 0:00:12] The position is equal.} 48. gxh5 (48. Rd8+ {simplifies} Kh7 49. gxh5 Nxe4 50. Rd7+) 48... Nxe4 49. h6 Nf6 50. Rg7+ Kh8 $1 51. Rg6 Ne4 52. Kg2 Rc8 53. f3 Rc3 54. fxe4 {[%emt 0:00:16] Bg5 would kill now.} Rxe3 55. Rxd6 Rxe4 {[%emt 0:00:01] KR-KR} 56. Kf3 Rf4+ 57. Kg3 Kh7 58. Re6 Rf8 59. Rxe5 Kxh6 {[%emt 0:00:00] Black defended with fortune.   Weighted Error Value: White=0.14 (very precise) /Black=0.13 (very precise)} 1/2-1/2

[Event "4th Tata Steel India Rapid Women 2022"]
[Site "Kolkota"]
[Date "2022.11.30"]
[Round "5.3"]
[White "Ushenina, Anna"]
[Black "Vantika Agrawal"]
[Result "1-0"]
[ECO "E65"]
[WhiteElo "2454"]
[BlackElo "2362"]
[Annotator "TA"]
[PlyCount "89"]
[EventDate "2022.11.29"]
[EventType "tourn"]
[EventCountry "IND"]
[SourceTitle "playchess.com"]
[Source "ChessBase"]
[SourceQuality "1"]
[TimeControl "900+10"]

1. d4 Nf6 2. c4 g6 3. g3 Bg7 4. Bg2 O-O 5. Nc3 d6 6. Nf3 c5 7. O-O Nc6 8. dxc5 dxc5 9. Bf4 Nh5 10. Be3 b6 {[%emt 0:03:08] outshines the older 10...Nd4. E65: King's Indian: Fianchetto: 6...c5 7 0-0 without d5 by White.} 11. Qc1 Bb7 12. Bh6 Qe8 {[%emt 0:00:35] The position is equal.} 13. Nd5 Rd8 (13... Rc8 {is more complex.} 14. g4 Nf6 15. Bxg7 Kxg7 16. Rd1 Nxd5 17. cxd5 Nd4) 14. Bxg7 Nxg7 {[%emt 0:00:44] [#]} 15. Qc3 $146 ({Predecessor:} 15. Rd1 f6 16. Qc3 Qf7 17. Kf1 Nf5 18. e3 e6 19. Nf4 g5 20. Nd3 Rd7 21. Nde1 Rxd1 22. Rxd1 {0-1 (54) Fier,A (2573)-Jones,G (2666) Montesilvano 2022}) 15... f6 16. a3 Qf7 17. Rfd1 Nf5 18. e3 e6 19. Nf4 g5 20. Nd3 g4 {[%emt 0:00:44] Prevents b4.} 21. Nd2 h5 (21... Nd6 $5) 22. b4 h4 23. Ne4 Ba8 24. bxc5 bxc5 (24... Rxd3 $16 25. Rxd3 (25. Qxd3 Ne5 $16) 25... Ne5) 25. Nexc5 $18 Qe7 26. Ne4 Kf7 (26... h3 $16 {might work better.} 27. Bh1 Nd6 28. Nxd6 Rxd6) 27. c5 Rh8 28. Rab1 Rh6 29. Nd6+ Nxd6 30. cxd6 Rxd6 31. Nb4 {[%emt 0:00:12] Inhibits h3.} Nxb4 32. Bxa8 Nd5 33. Bxd5 exd5 34. Rd4 (34. Qc8 $18 Qe6 35. Rb7+ Kg6 36. Qc2+ f5 37. Rd4 (37. Rxa7 d4 $16)) 34... hxg3 (34... Qd7 $16 35. Rdb4 Qe6) 35. hxg3 Qd7 36. Qd3 Rh8 (36... f5 {was necessary.} 37. Rdb4 Ke6) 37. Rdb4 {[%emt 0:00:11] And now Rb7 would win.} Qe7 (37... Qe6 38. Rb7+ Rd7) 38. Rb7 $2 (38. Qf5 {Threatens to win with Rb7.} Rd7 39. Rb8 (39. Qxg4 Qe6 $18)) 38... Rd7 {[%emt 0:00:01] [#]} 39. Qf5 {[%emt 0:00:05] Inhibits Rh5.} Rxb7 40. Qxd5+ Kg6 41. Rxb7 Qe8 (41... Rd8 $18 42. Qb3 Rd1+ 43. Qxd1 Qxb7 44. Qxg4+ Kh6 45. Qf4+ Kg6) 42. Rxa7 (42. Qc4 $142 Qc8 43. Rc7 Qxc7 44. Qxc7 Rh7 45. Qc2+ Kh6 46. Qc4 Rg7 47. Qf4+ Kg6 48. Qxg4+ Kf7 49. Qe4) 42... Rh5 43. Qd3+ {[%emt 0:00:05] White mates.} f5 44. Qd6+ Kg5 45. Rg7+ {[%emt 0:00:02] Weighted Error Value: White=0.29 (precise) /Black=0.58} 1-0

[Event "4th Tata Steel India Rapid Women 2022"]
[Site "Kolkota"]
[Date "2022.11.30"]
[Round "5.4"]
[White "Savitha Shri B"]
[Black "Koneru, Humpy"]
[Result "0-1"]
[ECO "C42"]
[WhiteElo "2411"]
[BlackElo "2574"]
[Annotator "TA"]
[PlyCount "54"]
[EventDate "2022.11.29"]
[EventType "tourn"]
[EventCountry "IND"]
[SourceTitle "playchess.com"]
[Source "ChessBase"]
[SourceQuality "1"]
[TimeControl "900+10"]

1. e4 e5 2. Nf3 Nf6 3. Nxe5 d6 4. Nf3 Nxe4 5. Nc3 Nxc3 6. dxc3 Be7 7. Be3 O-O 8. Qd2 {[%emt 0:00:03] C42: Petroff Defence: 3 Nxe5 and unusual White 3rd moves.} Nd7 9. O-O-O Nf6 10. Bd3 {[%emt 0:00:19] The position is equal.} Re8 11. h4 {[%emt 0:01:42] 11.Kb1 is becoming the main line.} Bg4 $5 {[%emt 0:02:34][%mdl 4] A promising side line.} 12. Rde1 {[%emt 0:00:31] [#]} c5 $146 ({Predecessor:} 12... d5 13. Ng5 Bd6 14. Kb1 c5 15. c4 Qc7 16. f3 Bd7 17. c3 Bg3 18. Bf2 Rxe1+ 19. Bxe1 {0-1 (40) Oomen,A (2105)-Maierhofer,J (2220) ICCF email 2015}) 13. Ng5 (13. c4 {simplifies} d5 14. Bg5 dxc4 15. Bxc4 Qxd2+ 16. Bxd2 Bd6 17. Ng5) 13... Qa5 14. Kb1 d5 15. f3 (15. h5 $1 $14) 15... Bd7 $11 16. g4 (16. c4 {simplifies} Qxd2 17. Bxd2 h6 18. cxd5 Nxd5 19. Ne4) 16... c4 $1 {[%emt 0:00:33] Against h5} 17. Bf5 Bxf5 18. gxf5 Bc5 $1 $36 {[%emt 0:01:04][%mdl 2048] White is under pressure.} 19. Bf4 Rad8 20. Be5 {[%emt 0:00:53] [#] Bxf6 is the strong threat.} Ne4 21. Nxe4 dxe4 (21... Rxe5 $14 {should be considered.} 22. Nxc5 Rxe1+ 23. Rxe1 Qxc5) 22. Qg5 $2 {[%emt 0:00:01][%mdl 8192] Now White is beyond hope.} (22. Qf4 $16 Bb6 23. Rxe4) 22... Rxe5 $19 {[%emt 0:00:20] Black is clearly winning.} 23. fxe4 f6 24. Qg4 Qb6 25. Ka1 Qc6 26. h5 h6 27. Rhg1 Bxg1 {[%emt 0:00:07] Weighted Error Value: White=0.52/Black=0.22 (precise)} 0-1

[Event "4th Tata Steel India Rapid Women 2022"]
[Site "Kolkota"]
[Date "2022.11.30"]
[Round "5.5"]
[White "Harika, Dronavalli"]
[Black "Dzagnidze, Nana"]
[Result "1/2-1/2"]
[ECO "A34"]
[WhiteElo "2507"]
[BlackElo "2517"]
[Annotator "TA"]
[PlyCount "84"]
[EventDate "2022.11.29"]
[EventType "tourn"]
[EventCountry "IND"]
[SourceTitle "playchess.com"]
[Source "ChessBase"]
[SourceQuality "1"]
[TimeControl "900+10"]

1. c4 c5 2. Nf3 Nf6 3. Nc3 d5 4. cxd5 Nxd5 5. e4 Nb4 6. Bc4 Nd3+ 7. Ke2 Nxc1+ {[%emt 0:00:43] A34: Symmetrical English: 2 Nc3, lines with ...d5.} 8. Rxc1 Nc6 {[%emt 0:00:01] Inhibits d4.} 9. Bb5 Bg4 (9... g6 $14) 10. Bxc6+ bxc6 {[%emt 0:00:02] [#]} 11. Na4 $146 ({Predecessor:} 11. Qa4 Qd6 12. Rhd1 e5 13. Nd5 Rb8 14. Ne3 Bxf3+ 15. gxf3 Qd7 16. Rc3 Rxb2 17. Rd3 {½-½ (65) Khenkin,I (2669)-Bok,B (2512) Leiden 2012}) 11... e6 12. d3 (12. Nxc5 $16 {And now Qa4 would win.} Bxc5 13. Rxc5) 12... Rb8 13. b3 ({Much worse is} 13. Nxc5 Bxf3+ 14. gxf3 Rxb2+ 15. Rc2 Bxc5 $15) 13... Rb5 14. Rc4 (14. h3 {simplifies} Bxf3+ 15. Kxf3 Qf6+ 16. Ke2) 14... Be7 15. Qc1 (15. h3 {simplifies} Bxf3+ 16. gxf3 O-O 17. Qd2) 15... Qd6 16. h3 (16. Qe3 {is more complex.} Bf6 17. Nxc5 O-O 18. d4) 16... Bxf3+ 17. gxf3 O-O 18. Qe3 (18. f4 $1 $14 {might be stronger.}) 18... Rd8 19. Rg1 (19. e5 {simplifies} Qc7 20. Rhc1 Ra5 21. f4) 19... Rb4 20. Rgc1 Rxc4 21. Rxc4 Bg5 {[%emt 0:00:12] [#]} 22. e5 $1 Bxe3 23. exd6 Bd4 24. Nxc5 Bxc5 25. Rxc5 Rxd6 $14 {[%emt 0:00:00][%mdl 4096] Endgame KR-KR} 26. Ke3 Kf8 27. Ra5 Rd7 28. Ra6 Rc7 29. Kd4 c5+ 30. Kc4 Ke7 $1 31. f4 {[%emt 0:00:24] White is more active.} (31. Ra5 $14) 31... Kf6 $11 32. Kb5 Kf5 33. Ra4 g6 {[%emt 0:00:34] [#]} (33... h5 $11) 34. Rc4 (34. d4 $1 $16 cxd4 35. Rxd4) 34... Rd7 35. Ra4 ({Better is} 35. a4 $11) 35... Rc7 $16 {[%emt 0:00:18] [#]} 36. Rc4 (36. d4 $1 $16 cxd4 37. Rxd4) 36... Rd7 $11 37. Kxc5 Rxd3 (37... Rd5+ $11 38. Kc6 h5) 38. Ra4 $16 Rd7 ({Black should play} 38... Rxh3 $14 39. Rxa7 Kf6) 39. Kc6 Re7 40. Kd6 {[%emt 0:00:03] Prevents e5.} Rb7 41. Kc6 Re7 42. Kd6 {[%emt 0:00:24] Against h5} (42. Rc4 $16) 42... Rb7 {[%emt 0:00:03] Weighted Error Value: White=0.21 (precise) /Black=0.17 (very precise)} 1/2-1/2

[Event "4th Tata Steel India Rapid Women 2022"]
[Site "Kolkota"]
[Date "2022.11.30"]
[Round "6.1"]
[White "Koneru, Humpy"]
[Black "Dzagnidze, Nana"]
[Result "1/2-1/2"]
[ECO "E15"]
[WhiteElo "2574"]
[BlackElo "2517"]
[Annotator "TA"]
[PlyCount "65"]
[EventDate "2022.11.29"]
[EventType "tourn"]
[EventCountry "IND"]
[SourceTitle "playchess.com"]
[Source "ChessBase"]
[SourceQuality "1"]
[TimeControl "900+10"]

1. d4 Nf6 2. c4 e6 3. Nf3 b6 4. g3 Ba6 5. b3 Bb4+ 6. Bd2 Be7 7. Nc3 c6 {[%emt 0:02:58][%cal Bc7c6,Bc6c5][%mdl 32] 7...d5 is the modern continuation.} 8. e4 d5 9. Bd3 {[%emt 0:02:39] E15: Queen's Indian: 4 g3 sidelines, 4 g3 Ba6 and 4 g3 Bb7 early deviations.} c5 10. exd5 exd5 11. Nxd5 {[%emt 0:06:09] White is slightly better.} Nxd5 12. Be4 {[%emt 0:00:03][%mdl 64] Pin} Nc7 13. Bf4 $1 $16 Bd6 14. dxc5 $1 Bxf4 15. Qxd8+ Kxd8 {[%emt 0:00:02] [#]} 16. gxf4 $146 ({Predecessor:} 16. Rd1+ Kc8 17. Bxa8 Re8+ 18. Kf1 Nxa8 19. gxf4 bxc5 20. Rd5 Nd7 21. Kg2 Bb7 22. Rd2 {0-1 (57) Furman,S (1720)-Bednar,J (2047) Piestany 2021}) 16... Kc8 {[%emt 0:06:25] Hoping for ...Re8.} 17. Bxa8 Nxa8 18. Ne5 (18. Rg1 $142) 18... bxc5 (18... Rf8 $142) 19. O-O-O (19. Nxf7 $6 Rf8 20. Nd6+ Kc7 $14) ({Better is} 19. Rg1 $1 ) 19... Nb6 (19... Rf8 $16) 20. Rhg1 $18 {[%emt 0:00:15][%mdl 1024] White has strong compensation.} g6 21. f5 Rf8 {[%emt 0:00:24] [#]} 22. Rd6 $1 Bb7 {[%emt 0:00:10] [#]} 23. Rf6 $1 {[%emt 0:00:08] White has more active pieces.} N8d7 (23... Be4 $16) 24. Rxf7 Re8 (24... Be4 {was necessary.} 25. Rxf8+ (25. fxg6 Bxg6 26. Rxf8+ Nxf8 $18) 25... Nxf8) 25. Nxd7 Nxd7 26. Rxh7 ({Not} 26. fxg6 hxg6 27. f4 (27. Rxg6 Ne5 $15) 27... Be4 $16) 26... gxf5 27. Rgg7 {[%emt 0:00:16] Prevents f4.} Bc6 28. Re7 {[%emt 0:00:12] Inhibits Re1+.} Rg8 29. Rhg7 (29. h4 $18 {is more deadly.}) 29... Rh8 $16 30. Rh7 $2 (30. Re6 $16 Kc7 31. Rf7) 30... Rg8 $1 $18 31. Rhg7 $2 (31. h4 $18 {and White stays clearly on top.}) 31... Rh8 $16 32. Rh7 $2 (32. Rg6 $16 Kc7 33. Ree6) 32... Rg8 $1 $18 33. Rhg7 $2 {[%emt 0:00:06] Weighted Error Value: White=0.38/Black=0.21 (precise)} ({White should play} 33. h4 $18) 1/2-1/2

[Event "4th Tata Steel India Rapid Women 2022"]
[Site "Kolkota"]
[Date "2022.11.30"]
[Round "6.2"]
[White "Vantika Agrawal"]
[Black "Harika, Dronavalli"]
[Result "1/2-1/2"]
[ECO "E11"]
[WhiteElo "2362"]
[BlackElo "2507"]
[Annotator "TA"]
[PlyCount "84"]
[EventDate "2022.11.29"]
[EventType "tourn"]
[EventCountry "IND"]
[SourceTitle "playchess.com"]
[Source "ChessBase"]
[SourceQuality "1"]
[TimeControl "900+10"]

1. d4 d5 2. c4 e6 3. Nf3 Nf6 4. g3 Bb4+ 5. Bd2 a5 6. Bg2 O-O 7. Qc1 {[%emt 0:00:10] E11: Bogo-Indian.} Nbd7 8. O-O dxc4 {[%emt 0:01:34] [#]} (8... c6 $11 {keeps the balance.}) 9. Bxb4 $1 $16 {[%emt 0:00:18] White is better.} axb4 10. Qxc4 {[%emt 0:00:02] [#]} Nd5 $146 ({Predecessor:} 10... Ra4 11. b3 Nb6 12. Qc5 Nfd7 13. Qh5 Ra6 14. e4 Nf6 15. Qh4 Nfd7 16. Qh5 Nf6 {0-1 (55) Fiorenza,B (1821)-Roman,R (2078) Buenos Aires 2022}) 11. e4 {[%emt 0:00:31] Prevents b6.} b5 12. Qc2 ({And not} 12. Qxb5 Ba6 13. Qc6 Ne7 $17) 12... N5b6 13. Nbd2 Bb7 14. Rfc1 Rc8 15. Qd3 Ba6 16. a3 bxa3 17. Rxa3 Ra8 18. Qc2 {[%emt 0:00:57] White is much more active.} (18. Raa1 $16) 18... b4 (18... Bb7 $1 $14) 19. Raa1 Bb7 20. Qb3 (20. Qxc7 $2 {perishes.} Qxc7 21. Rxc7 Rxa1+ $19) 20... Rxa1 21. Rxa1 Nf6 22. Re1 Qe7 23. e5 {[%emt 0:00:51] Inhibits c5.} Nfd7 24. Rc1 Bd5 25. Qd3 c5 26. dxc5 Nxc5 27. Qb5 Ncd7 28. Nd4 Rb8 29. Bxd5 Nxd5 {[%emt 0:00:01] The position is equal.} 30. Qe2 {[%emt 0:00:15] [#] Strongly threatening Nc6.} (30. Qxb8+ $5 Nxb8 31. Rc8+ Qf8 32. Rxf8+ Kxf8 33. Ne4 $14) 30... Qf8 31. Nc6 Rc8 {[%emt 0:00:16] ...Nb8 is the strong threat.} 32. Nf3 Nb8 33. Nfd4 Qe8 34. Qb5 h6 35. Rc4 Kh7 36. Rc2 Nxc6 37. Rxc6 Rxc6 38. Nxc6 $11 {[%emt 0:00:04] KQN-KQN} Kh8 39. Qb7 Qf8 40. Qb5 Kg8 41. h4 h5 42. Kh2 g6 {[%emt 0:00:14] Weighted Error Value: White=0.08 (flawless) /Black=0.08 (flawless)} 1/2-1/2